 Dungeon Crawl Stone Soup version 0.17.0-28-g6e173f8 (webtiles) character file.

2620 PossumBlood the Basher (level 9, -5/82 HPs)
             Began as a Minotaur Fighter on Dec 3, 2015.
             Slain by a wyvern (10 damage)
             ... on level 8 of the Dungeon.
             The game lasted 00:19:06 (6449 turns).

PossumBlood the Basher (Minotaur Fighter)           Turns: 6449, Time: 00:19:06

Health: -5/82      AC: 14    Str: 24    XL:     9   Next: 34%
Magic:  8/8        EV:  5    Int:  5    God:
Gold:   272        SH: 10    Dex: 10    Spells: 0 memorised, 8 levels left

rFire  . . .     SeeInvis .     a - +1 flail
rCold  . . .     Clarity  .     H - +1 plate armour
rNeg   . . .     SustAt   .     c - +0 shield
rPois  .         Gourm    .     (helmet restricted)
rElec  .         Spirit   .     (no cloak)
rCorr  .         Warding  .     (no gloves)
rMut   .         Stasis   .     (no boots)
MR     .....                    e - amulet of rage
Stlth  ..........               (no ring)
                                p - ring of invisibility

@: not resistant to hostile enchantments, extremely unstealthy
A: retaliatory headbutt, horns 2
a: Evoke Berserk Rage, Evoke Invisibility


You were on level 8 of the Dungeon.
You were not hungry.

You visited 2 branches of the dungeon, and saw 9 of its levels.
You also visited: Sewer.

You collected 272 gold pieces.

Inventory:

Hand Weapons
 a - a +1 flail (weapon)
Missiles
 m - 2 tomahawks (quivered)
Armour
 c - a +0 shield (worn)
 i - a +2 ring mail of fire resistance
 H - a +1 plate armour (worn)
Jewellery
 e - an amulet of rage (around neck)
 p - a ring of invisibility (left hand)
 J - an uncursed ring of ice
Wands
 o - a wand of digging (11)
 I - a wand of magic darts (11)
Scrolls
 g - 2 scrolls of recharging
 h - 3 scrolls of identify
 k - a scroll of amnesia
 l - 3 scrolls of remove curse
 r - 2 scrolls of blinking
 D - 2 scrolls of teleportation
Potions
 b - 2 potions of resistance
 d - 3 potions of might
 j - a potion of haste {unknown}
 t - 2 potions of magic
 z - a potion of brilliance
 A - a potion of agility
 B - 2 potions of flight
 C - 4 potions of curing
 E - a potion of cancellation
Miscellaneous
 x - a plain deck of wonders {the Helix}
Comestibles
 n - 2 slices of pizza
 s - 5 bread rations
 u - 2 meat rations
 v - 6 fruits


   Skills:
 + Level 8.4 Fighting
 * Level 10.7 Maces & Flails
 + Level 8.1 Armour
 - Level 5.1 Shields


You had 8 spell levels left.
You didn't know any spells.

Dungeon Overview and Level Annotations

Branches:
Dungeon (8/15)             Temple (1/1) D:7
   Lair: D:8-11

Altars:
Cheibriados
Dithmenos
Fedhas
Gozag
Kikubaaqudgha
Makhleb
Nemelex Xobeh
Qazlal
Ru
Sif Muna
Trog
Vehumet
Xom
Yredelemnul
Zin
The Shining One


Innate Abilities, Weirdness & Mutations

You reflexively headbutt those who attack you in melee.
You have a pair of horns on your head.


Message History

The wyvern bites you.
* * * LOW HITPOINT WARNING * * *
The iguana bites you but does no damage.
You are too injured to fight recklessly!
You hit the iguana.
The iguana is lightly wounded.
The wyvern bites you but does no damage.
You block the iguana's attack.
You hit the iguana. You headbutt the iguana.
The iguana is severely wounded.
The wyvern bites you!
* * * LOW HITPOINT WARNING * * *
You block the wyvern's attack.
The iguana bites you but does no damage.
Your plate armour prevents you from hitting the iguana.
The iguana is severely wounded.
The wyvern bites you!
* * * LOW HITPOINT WARNING * * *
You block the iguana's attack. The wyvern bites you!
You die...

##...#.#...
##..........
###.......#..$
.......%.....
#.........
#...... #l)l#
#@# #.# #..
####


You could see a wyvern and an iguana.

Vanquished Creatures
  Pikel (D:6)
  A hungry ghost (D:8)
  A hippogriff (D:7)
  Purgy (Sewer)
  2 sky beasts
  An ice beast (D:5)
  A phantom (D:4)
  2 ogres
  A gnoll sergeant (D:6)
  2 giant frogs
  A wight (D:6)
  5 crimson imps
  4 hounds
  2 orc wizards
  4 orc priests
  Ijyb (D:2)
  2 centaur skeletons
  Terence (D:2)
  A giant frog skeleton (D:6)
  3 worker ants
  A hell rat (D:7)
  A hound zombie (D:7)
  A hound skeleton (D:4)
  8 gnolls
  9 adders
  3 river rats (D:7)
  An ooze (D:1)
  2 adder skeletons
  3 worms
  3 giant geckos
  12 orcs
  8 bats
  6 giant cockroaches
  12 goblins
  6 hobgoblins
  6 jackals (D:1)
  3 quokkas
  4 ball pythons
  A ball python zombie (D:6)
  9 giant newts
  9 kobolds
  37 rats
182 creatures vanquished.

Vanquished Creatures (others)
  A slave (D:6)
  A wight (D:6)
2 creatures vanquished.

Grand Total: 184 creatures vanquished

Notes
Turn   | Place    | Note
--------------------------------------------------------------
     0 | D:1      | PossumBlood the Minotaur Fighter began the quest for the Orb.
     0 | D:1      | Reached XP level 1. HP: 19/19 MP: 0/0
    33 | D:1      | Reached XP level 2. HP: 22/27 MP: 1/1
   161 | D:1      | Reached skill level 4 in Armour
   207 | D:1      | Reached XP level 3. HP: 33/33 MP: 2/2
   644 | D:2      | Noticed Ijyb
   660 | D:2      | Killed Ijyb
   660 | D:2      | Reached XP level 4. HP: 37/40 MP: 3/3
   672 | D:2      | Noticed Terence
   679 | D:2      | Killed Terence
  1147 | D:2      | Found a shadowy altar of Dithmenos.
  1185 | D:2      | Reached XP level 5. HP: 46/46 MP: 4/4
  1377 | D:3      | Found a glowing drain.
  1395 | Sewer    | Entered a sewer
  1412 | Sewer    | Noticed Purgy
  1424 | Sewer    | Killed Purgy
  1424 | Sewer    | Reached skill level 5 in Maces & Flails
  1424 | Sewer    | Reached skill level 5 in Shields
  1424 | Sewer    | Reached XP level 6. HP: 23/55 MP: 5/5
  1776 | D:3      | Reached skill level 5 in Fighting
  1776 | D:3      | Reached skill level 5 in Armour
  2051 | D:3      | Found an ancient bone altar of Kikubaaqudgha.
  2102 | D:3      | Found a faded altar to an unknown god.
  2527 | D:3      | Found a glowing golden altar of the Shining One.
  2771 | D:4      | Found a stormy altar of Qazlal.
  2806 | D:4      | Reached skill level 6 in Maces & Flails
  2941 | D:4      | Reached XP level 7. HP: 42/61 MP: 6/6
  3479 | D:5      | Entered Level 5 of the Dungeon
  3846 | D:5      | Found a burning altar of Makhleb.
  3850 | D:5      | Found a radiant altar of Vehumet.
  3855 | D:5      | Reached skill level 7 in Maces & Flails
  4083 | D:5      | Found a burning altar of Makhleb.
  4393 | D:6      | Noticed Pikel
  4415 | D:6      | Killed Pikel
  4415 | D:6      | Reached skill level 8 in Maces & Flails
  4415 | D:6      | Reached XP level 8. HP: 57/73 MP: 7/7
  4485 | D:6      | Reached skill level 9 in Maces & Flails
  4753 | D:6      | Found a basalt altar of Yredelemnul.
  5290 | D:7      | Found a blossoming altar of Fedhas.
  5357 | D:7      | Found a sacrificial altar of Ru.
  5370 | D:7      | Reached XP level 9. HP: 72/81 MP: 8/8
  5395 | D:7      | Reached skill level 10 in Maces & Flails
  5876 | D:7      | Found a staircase to the Ecumenical Temple.
  6140 | Temple   | Entered the Ecumenical Temple
  6449 | D:8      | Slain by a wyvern

Action                   |  1- 3 |  4- 6 |  7- 9 || total
-------------------------+-------+-------+-------++-------
Melee: Flail             |    77 |   194 |   296 ||   567
  Use: Scroll            |       |     2 |    17 ||    19
       Potion            |       |     5 |     1 ||     6
  Eat: Bread ration      |       |     1 |     1 ||     2
       Meat ration       |       |     1 |     1 ||     2
       Pizza             |       |     1 |       ||     1
       Fruit             |       |       |     3 ||     3
       Royal jelly       |       |       |     1 ||     1
